 Dungeon Sprint DCSS version 0.30-a0-824-g6c64550be9 (webtiles) character file.

Game seed: 3139224580897052886

42975 rocky1 the Shatterer (level 13, -28/145 HPs)
             Began as a Minotaur Fighter on Feb 27, 2023.
             Was the Champion of Okawaru.
             Killed from afar by a fire giant (33 damage)
             ... with a bolt of fire
             ... in the Dungeon (Sprint IX: "|||||||||||||||||||||||||||||").
             The game lasted 00:12:19 (4599 turns).

rocky1 the Shatterer (Minotaur Fighter)             Turns: 4599, Time: 00:12:19

Health: -28/145    AC: 38    Str: 22    XL:     13   Next: 88%
Magic:  14/19      EV: 14    Int: 11    God:    Okawaru [******]
Gold:   123        SH: 14    Dex:  7    Spells: 12/12 levels left

rFire   . . .      SeeInvis .    L - +6 flail "Boecux" {pain, rPois rC++ Dex-5}
rCold   + + +      Faith    .    M - +0 kite shield {rC+}
rNeg    . . .      Spirit   .    A - +9 shadow dragon scales of the Lost Geomancers {Int+4 Stlth++++}
rPois   +          Reflect  .    (helmet restricted)
rElec   .          Harm     .    x - +0 cloak
rCorr   .          Rampage  .    o - +0 pair of gloves
Will    .....      NoTele   +    F - +1 pair of boots
Stlth   ++++                     (no amulet)
HPRegen 0.44/turn                D - ring of poison resistance
MPRegen 0.16/turn                s - +2 ring of evasion

@: mighty, heroic, finesse-ful, hasted, very quick
A: horns 2, retaliatory headbutt
a: Renounce Religion, Heroism, Finesse


You were in the Dungeon.
You worshipped Okawaru.
Okawaru was exalted by your worship.
You visited 1 branch You collected 1861 gold pieces.
You spent 1738 gold pieces at shops.

Inventory:

Hand Weapons
 j - a +3 flail of draining
 n - a +2 morningstar of protection
 z - a +2 demon whip of flaming
 L - the +6 flail "Boecux" (weapon) {pain, rPois rC++ Dex-5}
   (Okawaru gifted it to you in the Dungeon)

   Dex:       It affects your dexterity (-5).
   rC:        It greatly protects you from cold.
   rPois:     It protects you from poison.
Missiles
 k - a javelin
 w - 2 silver javelins (quivered)
Armour
 c - a +0 buckler
 o - a +0 pair of gloves (worn)
 p - a +0 pair of boots
 q - a +0 plate armour of fire resistance
 x - a +0 cloak (worn)
 y - a +4 plate armour of cold resistance
 A - the +9 shadow dragon scales of the Lost Geomancers (worn) {Int+4 Stlth++++}
   (You bought it in a shop in the Dungeon)

   Int:       It affects your intelligence (+4).
   Stlth:     It makes you much more stealthy.
 F - a +1 pair of boots (worn)
 H - the +15 Maxwell's patent armour {-Cast -Tele rElec Will+ rCorr}
   (Okawaru gifted it to you in the Dungeon)

   rElec:     It insulates you from electricity.
   -Cast:     It prevents spellcasting.
   -Tele:     It prevents most forms of teleportation.
   rCorr:     It protects you from acid and corrosion.
   Will:      It increases your willpower.
 M - a +0 kite shield of cold resistance (worn)
Jewellery
 r - a +3 ring of dexterity
 s - a +2 ring of evasion (right hand)
 B - a ring of fire
 C - a ring of ice
 D - a ring of poison resistance (left hand)
 E - a ring of see invisible
Wands
 m - a wand of roots (10)
 J - a wand of flame (18)
 K - a wand of light (14)
Scrolls
 l - 2 scrolls of amnesia
 t - 6 scrolls of enchant weapon
 u - 2 scrolls of fog
 v - 5 scrolls of fear
 G - a scroll of identify
Potions
 a - 3 potions of berserk rage
 b - 2 potions of brilliance
 e - 5 potions of curing
 f - a potion of invisibility
 g - a potion of haste
 h - 4 potions of magic
 i - 4 potions of mutation
 I - a potion of degeneration {unknown}


   Skills:
 + Level 21.9(26.9) Fighting
 + Level 23.7(27) Maces & Flails
 * Level 13.7(18.7) Throwing
 + Level 17.8(22.8) Armour
 + Level 9.8(14.8) Dodging
 + Level 2.7(7.7) Stealth
 + Level 16.7(21.7) Shields
 + Level 1.7(6.7) Unarmed Combat
 + Level 9.9 Invocations
 + Level 0.2 Evocations


You had 12 spell levels left.
You didn't know any spells.
Your spell library contained the following spells:

 Spells                   Type           Power      Damage    Failure   Level
 Stone Arrow              Conj/Erth      0%         3d7       99%         3
 Lehudib's Crystal Spear  Conj/Erth      0%         10d2      100%        8
 Animate Armour           Summ/Erth      Unusable   N/A       N/A         4

Dungeon Overview and Level Annotations

Branches:
Dungeon (1/1)

Altars:
Cheibriados
Dithmenos
Elyvilon
Fedhas
Gozag
Hepliaklqana
Kikubaaqudgha
Makhleb
Nemelex Xobeh
Okawaru
Qazlal
Ru
Sif Muna
Trog
Uskayaw
Vehumet
Wu Jian
Xom
Yredelemnul
Zin
The Shining One
Jiyva
Lugonu

Shops:
D ([[!


Innate Abilities, Weirdness & Mutations

You have a pair of horns on your head.
You reflexively headbutt those who attack you in melee.


Message History

a +0 long sword; a +0 chain mail The ice dragon roars deafeningly!
You sock the frost giant!
The frost giant is moderately wounded.
You hear a shout!
You hear a horrible gurgling sound!
The frost giant closely misses you.
You thump the frost giant! You headbutt the frost giant.
The frost giant is heavily wounded.
You thump the frost giant!
You headbutt the frost giant, but do no damage.
The frost giant is heavily wounded.
You bludgeon the frost giant!!
The frost giant is severely wounded.
The frost giant hits you with a +0 battleaxe of freezing!
* * * LOW HITPOINT WARNING * * *
The frost giant freezes you.
* * * LOW HITPOINT WARNING * * *
You thump the frost giant!
You headbutt the frost giant, but do no damage.
The frost giant is almost dead.
You sock the frost giant! You headbutt the frost giant.
You kill the frost giant!
Okawaru is honoured by your kill. Okawaru grants you throwing weapons!
Something appears at your feet!
Okay, then.
You feel very mighty all of a sudden.
You bludgeon the fire giant!! You headbutt the fire giant!
The fire giant is moderately wounded.
The fire giant hits you with a +2 great sword of flaming!
* * * LOW HITPOINT WARNING * * *
The fire giant burns you.
* * * LOW HITPOINT WARNING * * *
You feel yourself speed up. You block the fire giant's attack.
The tengu conjurer mumbles some strange words.
The tengu conjurer conjures a globe of magical energy!
A battlesphere comes into view.
The fire giant casts a spell at you. The bolt of fire hits you!!
You die...

.▓.▓)▓.▓)▓.♣.♣.▓Q▓
.▓.▓)▓.▓)▓.♣.♣.▓D▓
.▓.▓)▓.▓)▓.♣.♣.▓C▓
.▓.▓)▓.▓)▓.♣.♣.▓(▓
.▓.▓)▓.▓)▓.♣.♣.▓C▓
.▓.▓)▓.▓)▓.♣'♣.▓.▓
.▓.▓)▓.▓.▓.▓.▓.▓.▓
(▓.▓'▓.▓.▓.▓.▓.▓.▓
.▓.▓.▓.▓.▓.▓.▓.▓@▓
.▓.▓.▓.▓.▓.▓.▓†▓.▓
.▓.▓.▓.▓.▓.▓.▓.▓.▓
.▓.▓.▓.▓'▓.▓.▓.▓.▓
.▓.▓.▓.▓.▓.▓.▓.▓.▓
'▓.▓.▓.▓.▓.▓.▓.▓.▓
.▓.▓.▓.▓.▓.▓.▓.▓.▓
.▓.▓.▓.▓.▓.▓.▓.▓.▓
.▓.▓.▓.▓.▓.▓.▓.▓.▓


You could see a golden dragon and 2 fire giants.

Vanquished Creatures
  Frances (D)
  Kirke (D)
  2 frost giants (D)
  An emperor scorpion (D)
  A stone giant (D)
  Nessos (D)
  An eleionoma (D)
  Snorg (D)
  An ettin (D)
  3 fire dragons (D)
  2 ice dragons (D)
  A ghost crab (D)
  2 hydras (D)
  Erica (D)
  4 centaur warriors (D)
  A jorogumo (D)
  A merfolk aquamancer (D)
  A boulder beetle (D)
  A naga warrior (D)
  8 orc high priests (D)
  A naga sharpshooter (D)
  Nergalle (D)
  A salamander mystic (D)
  2 pharaoh ants (D)
  A goliath frog (D)
  A flayed ghost (D)
  2 sea snakes (D)
  A skeletal warrior (D)
  An orb spider (D)
  2 orc knights (D)
  A deep elf pyromancer (D)
  2 cyclopes (D)
  A salamander (D)
  2 elephants (D)
  A moth of wrath (D)
  4 manticores (D)
  Joseph (D)
  A merfolk siren (D)
  4 black mambas (D)
  3 cane toads (D)
  A gargoyle (D)
  A rime drake (D)
  3 komodo dragons (D)
  A tengu conjurer (D)
  6 polar bears (D)
  A snapping turtle (D)
  2 jumping spiders (D)
  A wyvern (D)
  2 yaks (D)
  2 hogs (D)
  4 humans (D)
  A basilisk (D)
  2 vampire mosquitoes (D)
  A redback (D)
  A naga (D)
  3 water moccasins (D)
  13 orc warriors (D)
  3 black bears (D)
  A wolf (D)
  A phantom (D)
  A centaur (D)
  7 orc priests (D)
  8 orc wizards (D)
  2 adders (D)
  A worm (D)
  An adder simulacrum (D)
  5 orcs (D)
  A ball python (D)
  A giant cockroach (D)
  A hobgoblin (D)
  A kobold (D)
  A rat (D)
148 creatures vanquished.

Vanquished Creatures (others)
  A vampire knight (D)
  An eleionoma (D)
  A hydra (D)
  A swamp dragon (D)
  A will-o-the-wisp (D)
  A bloated husk (D)
6 creatures vanquished.

Grand Total: 154 creatures vanquished

Notes
Turn   | Place    | Note
-------+----------+-------------------------------------------
     0 | D        | rocky1 the Minotaur Fighter began the quest for the Orb.
     0 | D        | Reached XP level 1. HP: 19/19 MP: 0/0
    28 | D        | Noticed a phantom
    28 | D        | Noticed a centaur
    32 | D        | Killed a centaur
    33 | D        | Reached skill level 4 in Maces & Flails
    33 | D        | Reached XP level 2. HP: 14/31 MP: 1/1
    33 | D        | Reached XP level 3. HP: 17/38 MP: 2/2
    33 | D        | Reached XP level 4. HP: 20/45 MP: 3/3
    42 | D        | Killed a phantom
    43 | D        | Reached skill level 5 in Maces & Flails
    43 | D        | Reached XP level 5. HP: 44/52 MP: 4/4
   102 | D        | Found a snail-covered altar of Cheibriados.
   102 | D        | Found a shadowy altar of Dithmenos.
   102 | D        | Found a white marble altar of Elyvilon.
   102 | D        | Found a blossoming altar of Fedhas.
   102 | D        | Found an opulent altar of Gozag.
   103 | D        | Found a hazy altar of Hepliaklqana.
   104 | D        | Found a viscous altar of Jiyva.
   105 | D        | Found an ancient bone altar of Kikubaaqudgha.
   106 | D        | Found a corrupted altar of Lugonu.
   107 | D        | Found a burning altar of Makhleb.
   108 | D        | Found a sparkling altar of Nemelex Xobeh.
   109 | D        | Found an iron altar of Okawaru.
   110 | D        | Found a stormy altar of Qazlal.
   111 | D        | Found a sacrificial altar of Ru.
   112 | D        | Found a shimmering blue altar of Sif Muna.
   113 | D        | Found a bloodstained altar of Trog.
   114 | D        | Found a hide-covered altar of Uskayaw.
   115 | D        | Found a radiant altar of Vehumet.
   116 | D        | Found an ornate altar of the Wu Jian Council.
   117 | D        | Became a worshipper of Warmaster Okawaru
   118 | D        | Found a shimmering altar of Xom.
   119 | D        | Found a basalt altar of Yredelemnul.
   120 | D        | Found a glowing silver altar of Zin.
   121 | D        | Found a glowing golden altar of the Shining One.
   176 | D        | Noticed a wyvern
   176 | D        | Noticed a vampire mosquito
   189 | D        | Reached skill level 6 in Maces & Flails
   196 | D        | Killed a vampire mosquito
   196 | D        | Reached * piety under Okawaru
   197 | D        | Reached skill level 7 in Maces & Flails
   197 | D        | Reached skill level 1 in Dodging
   197 | D        | Reached XP level 6. HP: 18/63 MP: 5/5
   200 | D        | Killed a wyvern
   201 | D        | Reached skill level 8 in Maces & Flails
   216 | D        | Reached skill level 10 in Fighting
   216 | D        | Reached XP level 7. HP: 30/72 MP: 6/6
   217 | D        | Reached skill level 9 in Maces & Flails
   551 | D        | Noticed a centaur warrior
   551 | D        | Noticed a gargoyle
   551 | D        | Noticed a boulder beetle
   551 | D        | Noticed a centaur warrior
   551 | D        | Noticed a vampire mosquito
   553 | D        | Killed a vampire mosquito
   553 | D        | Reached ** piety under Okawaru
   554 | D        | Reached skill level 10 in Maces & Flails
   554 | D        | Reached skill level 10 in Armour
   557 | D        | Killed a centaur warrior
   557 | D        | Reached *** piety under Okawaru
   558 | D        | Reached skill level 12 in Maces & Flails
   558 | D        | Reached skill level 10 in Shields
   558 | D        | Reached XP level 8. HP: 82/82 MP: 7/7
   561 | D        | Killed a gargoyle
   562 | D        | Reached skill level 13 in Maces & Flails
   565 | D        | Killed a centaur warrior
   565 | D        | Reached **** piety under Okawaru
   566 | D        | Reached skill level 14 in Maces & Flails
   566 | D        | Reached skill level 1 in Stealth
   566 | D        | Reached XP level 9. HP: 91/91 MP: 8/8
   573 | D        | Killed a boulder beetle
   574 | D        | Reached skill level 15 in Maces & Flails
   574 | D        | Reached skill level 5 in Dodging
   839 | D        | Noticed a komodo dragon
   839 | D        | Noticed a cane toad
   839 | D        | Noticed a rime drake
   840 | D        | Reached ***** piety under Okawaru
   855 | D        | Killed a cane toad
   856 | D        | Reached skill level 16 in Maces & Flails
   858 | D        | Noticed a cane toad
   866 | D        | Killed a komodo dragon
   875 | D        | Killed a rime drake
   876 | D        | Reached XP level 10. HP: 17/102 MP: 9/9
   878 | D        | Reached skill level 17 in Maces & Flails
   879 | D        | Killed a cane toad
   879 | D        | Received a gift from Okawaru
  1119 | D        | Noticed an elephant
  1119 | D        | Noticed an elephant
  1119 | D        | Noticed an eight-headed hydra
  1119 | D        | Noticed a cane toad
  1130 | D        | Killed an eight-headed hydra
  1137 | D        | Killed a cane toad
  1138 | D        | Reached skill level 18 in Maces & Flails
  1144 | D        | Killed an elephant
  1148 | D        | Received a gift from Okawaru
  1154 | D        | Killed an elephant
  1154 | D        | Reached ****** piety under Okawaru
  1158 | D        | Received a gift from Okawaru
  1167 | D        | Reached skill level 15 in Fighting
  1178 | D        | Reached skill level 5 in Throwing
  1501 | D        | Reached skill level 19 in Maces & Flails
  1503 | D        | Reached XP level 11. HP: 95/113 MP: 10/10
  1590 | D        | Noticed Joseph
  1599 | D        | Killed Joseph
  1599 | D        | Received a gift from Okawaru
  1600 | D        | Reached skill level 1 in Invocations
  1617 | D        | Noticed Erica
  1625 | D        | Killed Erica
  1860 | D        | Noticed an orc knight
  1872 | D        | Killed an orc knight
  1883 | D        | Noticed an orc knight
  1911 | D        | Killed an orc knight
  2119 | D        | Found Ilu Yffa's Distillery.
  2119 | D        | Noticed an orc high priest
  2119 | D        | Noticed an orc high priest
  2119 | D        | Noticed an orc high priest
  2123 | D        | Killed an orc high priest
  2129 | D        | Killed an orc high priest
  2134 | D        | Killed an orc high priest
  2135 | D        | Reached skill level 20 in Maces & Flails
  2135 | D        | Reached skill level 5 in Invocations
  2135 | D        | Found Quetucw's Armour Shop.
  2147 | D        | Found Paoret's Armour Boutique.
  2151 | D        | Found Ciwuj's Weapon Shop.
  2153 | D        | Noticed an orc high priest
  2154 | D        | Noticed an orc high priest
  2157 | D        | Noticed an orc high priest
  2160 | D        | Noticed an orc high priest
  2160 | D        | Noticed an orc high priest
  2166 | D        | Killed an orc high priest
  2170 | D        | Killed an orc high priest
  2174 | D        | Killed an orc high priest
  2181 | D        | Noticed a sun demon
  2186 | D        | Killed an orc high priest
  2186 | D        | Received a gift from Okawaru
  2187 | D        | Reached skill level 15 in Armour
  2187 | D        | Reached XP level 12. HP: 24/127 MP: 15/15
  2193 | D        | Killed an orc high priest
  2428 | D        | Bought a potion of haste for 110 gold pieces
  2428 | D        | Bought a potion of haste for 110 gold pieces
  2446 | D        | Bought the +9 shadow dragon scales of the Lost Geomancers
                  | {Int+4 Stlth++++} for 1518 gold pieces
  2571 | D        | Found the +10 Black Knight's barding {ponderous, rPois rN+}
  2616 | D        | Upgraded the game from 0.30-a0-808-g6e0788376e to
                  | 0.30-a0-824-g6c64550be9
  2616 | D        | Noticed a centaur warrior
  2616 | D        | Noticed a centaur warrior
  2633 | D        | Noticed a fire dragon
  2641 | D        | Killed a centaur warrior
  2641 | D        | Noticed an ettin
  2645 | D        | Killed a centaur warrior
  2651 | D        | Noticed a frost giant
  2654 | D        | Noticed a stone giant
  2660 | D        | Reached skill level 21 in Maces & Flails
  2671 | D        | Killed a fire dragon
  2678 | D        | Killed an ettin
  2678 | D        | Received a gift from Okawaru
  2678 | D        | Found the +15 Maxwell's patent armour {-Cast -Tele rElec
                  | Will+ rCorr}
  2679 | D        | Reached skill level 10 in Throwing
  2698 | D        | Killed a frost giant
  2702 | D        | Killed a stone giant
  3116 | D        | Noticed an ice dragon
  3117 | D        | Noticed an ice dragon
  3127 | D        | Killed an ice dragon
  3138 | D        | Killed an ice dragon
  3206 | D        | Noticed Nessos
  3218 | D        | Killed Nessos
  3222 | D        | Noticed Nergalle
  3232 | D        | Killed Nergalle
  3290 | D        | Noticed a four-headed hydra
  3290 | D        | Noticed an eleionoma
  3290 | D        | Noticed a four-headed hydra
  3290 | D        | Noticed a ghost crab
  3295 | D        | Killed an eleionoma
  3299 | D        | Noticed an eleionoma
  3300 | D        | Killed a four-headed hydra
  3300 | D        | Killed a four-headed hydra
  3311 | D        | Killed an eleionoma
  3317 | D        | Killed a ghost crab
  3318 | D        | Reached skill level 22 in Maces & Flails
  3318 | D        | Reached XP level 13. HP: 122/139 MP: 19/19
  3408 | D        | Received a gift from Okawaru
  3419 | D        | Reached skill level 15 in Shields
  3543 | D        | Identified the +6 flail "Boecux" {pain, rPois rC++ Dex-5}
                  | (Okawaru gifted it to you in the Dungeon)
  3543 | D        | Received a gift from Okawaru
  3641 | D        | Noticed an emperor scorpion
  3643 | D        | Reached skill level 23 in Maces & Flails
  3684 | D        | Killed an emperor scorpion
  3705 | D        | HP: 6/141 [jumping spider simulacrum (5)]
  4122 | D        | Received a gift from Okawaru
  4290 | D        | Noticed Frances
  4305 | D        | Killed Frances
  4324 | D        | Noticed Snorg
  4342 | D        | Killed Snorg
  4439 | D        | Noticed Kirke
  4464 | D        | Noticed a sphinx
  4465 | D        | Killed Kirke
  4556 | D        | Noticed a fire giant
  4556 | D        | Noticed a frost giant
  4556 | D        | Noticed a fire dragon
  4556 | D        | Noticed a vampire knight
  4556 | D        | Noticed a fire dragon
  4558 | D        | Noticed a fire giant
  4564 | D        | Killed a fire dragon
  4565 | D        | Reached skill level 1 in Unarmed Combat
  4569 | D        | Paralysed by a vampire knight for 2 turns
  4571 | D        | Killed a vampire knight
  4572 | D        | Noticed a golden dragon
  4578 | D        | Noticed an ettin
  4584 | D        | Killed a fire dragon
  4591 | D        | Killed a frost giant
  4591 | D        | Received a gift from Okawaru
  4593 | D        | HP: 7/145 [fire giant/+2 great sword of flaming (12)]
  4593 | D        | HP: 3/145 [fire giant/+2 great sword of flaming (4)]
  4599 | D        | Killed from afar by a fire giant

Illustrated notes

Levels and vault maps discovered:
D:        linesprint [early_d, line_temple, items_1, d_10, items_2, lair_1,
          lair_end, items_3, orc_1, orc_end, items_4, d_15, swamp_1, shoals_1,
          snake_1, spider_1, d_20, vaults_1, items_5, swamp_end, shoals_end,
          snake_end, spider_end, vaults_end, d_27, items_6, zot_1, zot_end,
          crypt_end, forest_end, elf_end, slime_end, tomb_end, abyss_end,
          pan_hell_end]

Skill      XL: |  1  2  3  4  5  6  7  8  9 10 11 12 13 |
---------------+----------------------------------------+-----
Fighting       | 6 7 9 10 11 12 13 15 17 19 21 | 21.9
Armour         | 6 7 9 11 12 13 15 16 17 | 17.8
Shields        | 6 7 8 9 10 11 12 13 14 16 | 16.7
Maces & Flails | 4 5 7 8 12 14 16 19 20 22 23 | 23.7
Dodging        | 1 2 3 4 5 7 8 9 |  9.8
Stealth        | 1 2 |  2.7
Throwing       | 5 8 11 13 | 13.7
Invocations    | 6 9 |  9.9
Unarmed Combat | 1 |  1.7
Evocations     | |  0.2

Action                     |  1- 3 |  4- 6 |  7- 9 | 10-12 | 13-15 || total
---------------------------+-------+-------+-------+-------+-------++-------
  Melee: Flail             |    11 |    20 |       |       |   141 ||   172
         Headbutt          |     3 |     4 |    13 |    89 |    59 ||   168
         Morningstar       |       |    34 |    55 |   346 |    78 ||   513
         Unarmed           |       |       |       |       |    11 ||    11
  Throw: Javelin           |       |       |       |     7 |     6 ||    13
 Invoke: Heroism           |       |       |       |     3 |     1 ||     4
         Finesse           |       |       |       |       |     1 ||     1
  Evoke: Wand              |       |       |       |       |     2 ||     2
    Use: Potion            |       |     2 |     2 |     5 |     3 ||    12
         Scroll            |       |       |       |       |     2 ||     2
   Stab: Invisible         |       |       |       |       |     2 ||     2
 Armour: Scale mail        |     3 |    26 |    16 |    28 |       ||    73
         Plate armour      |       |       |       |    24 |       ||    24
         Shadow dragon sca |       |       |       |    84 |   131 ||   215
  Dodge: Dodged            |    10 |    20 |    19 |   122 |    86 ||   257
  Block: Buckler           |     3 |     8 |     6 |    72 |    39 ||   128
         Kite shield       |       |       |       |       |    26 ||    26

Table legend: (Time is in decaauts)
 A = Elapsed time spent in this place.
 B = Non-inter-level travel time spent in this place.
 C = Inter-level travel time spent in this place.
 D = Time resting spent in this place.
 E = Time spent auto-exploring this place.
 F = Levels seen in this place.
 G = Mean time per level.
                   A        B        C        D        E       F      G
               +--------+--------+--------+--------+--------+-----+--------+
         Total |   4387 |   4387 |      0 |   2518 |      0 |   1 | 4387.0 |
       Dungeon |   4387 |   4387 |      0 |   2518 |      0 |   1 | 4387.0 |
               +--------+--------+--------+--------+--------+-----+--------+

Top non-repeatable levels by time:
       D: 4387 daAuts
